 Dungeon Crawl Stone Soup version 0.28.0-45-g0d030f2227 (webtiles) character file.

Game seed: 13693714397247788673

22 protoss039 the Cudgeller (level 2, 0/18 HPs)
             Began as a Gargoyle Gladiator on Apr 12, 2022.
             Slain by a gnoll
             ... wielding a +0 flail
              (12 damage)
             ... on level 2 of the Dungeon.
             The game lasted 00:01:21 (1695 turns).

protoss039 the Cudgeller (Gargoyle Gladiator)       Turns: 1695, Time: 00:01:22

Health: 0/18       AC:  6    Str: 17    XL:     2   Next: 91%
Magic:  2/2        EV: 12    Int:  8    God:
Gold:   77         SH:  0    Dex: 11    Spells: 1/1 levels left

rFire   . . .      SeeInvis .   a - +0 flail
rCold   . . .      Faith    .   (no shield)
rNeg    + . .      Spirit   .   b - +0 leather armour
rPois   ∞          Reflect  .   c - +0 helmet
rElec   +          Harm     .   (no cloak)
rCorr   .          Rampage  .   (no gloves)
Will    .....                   (no boots)
Stlth   +.........              (no amulet)
HPRegen 0.06/turn               (no ring)
MPRegen 0.08/turn               (no ring)

@: no status effects
A: sickness immunity, AC +2, negative energy resistance 1, electricity
resistance, torment resistance 1, petrification resistance
a: no special abilities


You were on level 2 of the Dungeon.
You visited 1 branch of the dungeon, and saw 2 of its levels.

You collected 77 gold pieces.

Inventory:

Hand Weapons
 a - a +0 flail (weapon)
Missiles
 d - 3 throwing nets (quivered)
 e - 3 boomerangs
 f - 4 boomerangs of dispersal
Armour
 b - a +0 leather armour (worn)
 c - a +0 helmet (worn)
Scrolls
 g - a scroll of identify {unknown}
 h - a scroll of enchant weapon {unknown}
 i - a scroll of blinking {unknown}
 k - a scroll of teleportation {unknown}
Potions
 j - a potion of curing {unknown}
 l - a potion of degeneration {unknown}


   Skills:
 + Level 2.5 Fighting
 + Level 3.2 Maces & Flails
 - Level 2.0 Throwing
 + Level 0.4 Armour
 * Level 2.8 Dodging


You had one spell level left.
You didn't know any spells.
Your spell library was empty.

Dungeon Overview and Level Annotations

Branches:
Dungeon (2/15)

Altars:


Innate Abilities, Weirdness & Mutations

You are immune to sickness and miasma.
Your stone body is resilient. (AC +2)
You are immune to poison.
You resist negative energy. (rN+)
You are resistant to electric shocks. (rElec)
You are resistant to unholy torment.
You are immune to petrification.


Message History

Unknown command.
The gnoll hits you from afar with a +0 spear. x2
* * * LOW HITPOINT WARNING * * *
The gnoll hits you from afar with a +0 spear.
* * * LOW HITPOINT WARNING * * *
You aren't carrying any items that you can evoke.
Found a stone staircase leading up.
There is a stone staircase leading up here.
Unknown command.
You climb upwards.
There is a stone staircase leading down here.
Unknown command.
You start resting.
HP restored.
Unknown command.
You climb downwards.
There is a stone staircase leading up here.
There is a stone staircase leading up here.
You start waiting.
A gnoll is nearby!
Unknown command.
The gnoll barely misses you. x2
Unknown command.
You hit the gnoll.
The gnoll is lightly wounded.
The gnoll hits you with a +0 spear. The gnoll hits you with a +0 flail.
Unknown command.
You sock the gnoll!
The gnoll is severely wounded.
The gnoll completely misses you. The gnoll hits you with a +0 flail.
The gnoll misses you.
Unknown command.
The gnoll misses you.
There is a stone staircase leading up here.
Unknown command.
Unknown command.
The gnoll hits you from afar with a +0 spear.
The gnoll hits you with a +0 flail!
Ouch! That really hurt!
You die...

######.......# ..
###########............# #.
...................##### #.
.######........(..###########
#. #<......#.................
#.
....###....#.######...#######
#. .. #....#.#.g.g....# #..
#. ##...#.##g##....# #.#####.
#.###.#..@#....# #..g....
###.## .#####.#### #..###..
#....# #....# #..# #..
..##....###### #....# #..#
#.. .........<....#
#....####..# #..
#####....####.# #.....g....#
#.. #....# ##...###...# #.#
###### ##### #†..# #.. #...#
###


You could see 2 gnolls.

Vanquished Creatures
  A worm (D:2)
  A dart slug (D:1)
  5 ball pythons
  An endoplasm (D:1)
  A giant cockroach (D:2)
  2 kobolds (D:1)
  2 quokkas (D:1)
  A frilled lizard (D:1)
  A rat (D:1)
15 creatures vanquished.

Notes
Turn   | Place    | Note
-------+----------+-------------------------------------------
     0 | D:1      | protoss039 the Gargoyle Gladiator began the quest for the
                  | Orb.
     0 | D:1      | Reached XP level 1. HP: 12/12 MP: 1/1
   484 | D:1      | Reached XP level 2. HP: 14/18 MP: 2/2
  1695 | D:2      | Slain by a gnoll

Illustrated notes

Levels and vault maps discovered:
D:1:      lemuel_arrival_tunnels, layout_basic, minmay_misc_feat_enclosed,
          minmay_misc_feat_chi
D:2:      layout_basic

Skill      XL: |  1 |
---------------+----+-----
Throwing       | 2 |  2.0
Fighting       | |  2.5
Maces & Flails | |  3.2
Armour         | |  0.4
Dodging        | |  2.8

Action                   || total
-------------------------++-------
Melee: Flail             ||    59
Armor: Leather armour    ||    23
Dodge: Dodged            ||    38
